[Event "ICC 40 5"]
[Site "Internet Chess Club"]
[Date "2016.11.04"]
[Round "1"]
[White "*DrozdowskiUTD"]
[Black "*RatkovicMj-09"]
[Result "1/2-1/2"]
[ICCResult "Game drawn by mutual agreement"]
[WhiteElo "1467"]
[BlackElo "1467"]
[Opening "Caro-Kann: advance variation"]
[ECO "B12"]
[NIC "CK.04"]
[Time "14:01:39"]
[TimeControl "2400+5"]

1. e4 c6 2. d4 d5 3. e5 Bf5 4. c4 dxc4 5. Bxc4 e6 6. Nc3 Nd7 7. a3 Nb6 8.
Ba2 h6 9. Nge2 Ne7 10. O-O Bh7 11. f4 Qd7 12. Be3 O-O-O 13. Qd2 Kb8 14. Rad1
Nbd5 15. Ng3 Nf5 16. Nxf5 Bxf5 17. Nxd5 cxd5 18. Bb1 Bxb1 19. Rxb1 Be7 20.
Qd3 g6 21. Rbc1 h5 22. Rc2 Rc8 23. Rfc1 Rxc2 24. Qxc2 Rc8 25. Qxc8+ Qxc8 26.
Rxc8+ Kxc8 27. a4 b5 28. axb5 Kb7 29. Kf2 Kb6 30. Ke2 Kxb5 31. Kd3 Kb4 32.
Kc2 Bd8 33. b3 Bb6 34. Bd2+ Kb5 35. Kd3 Ba5 36. Bc1 Be1 37. Ba3 Bb4 38. Bc1
a6 39. Bb2 Be1 40. Ba3 Bb4 41. Bb2 Be7 42. Bc3 {Game drawn by mutual
agreement} 1/2-1/2

[Event "ICC 40 5"]
[Site "Internet Chess Club"]
[Date "2016.11.04"]
[Round "1"]
[White "*ArribasUTD"]
[Black "*VucinicG-04"]
[Result "1-0"]
[ICCResult "Black resigns"]
[WhiteElo "1477"]
[BlackElo "1311"]
[Opening "Sicilian: closed, 2...Nc6"]
[ECO "B23"]
[NIC "SI.44"]
[Time "14:01:39"]
[TimeControl "2400+5"]

1. e4 c5 2. Nc3 Nc6 3. Bb5 Nd4 4. Nf3 e6 5. O-O a6 6. Bd3 Nxf3+ 7. Qxf3 Qc7
8. Qg3 Qxg3 9. hxg3 d6 10. Na4 Nf6 11. Nb6 Rb8 12. b3 Be7 13. Bb2 Bd8 14. e5
Bxb6 15. exf6 g6 16. c4 Ba5 17. Rad1 e5 18. Be4 Bd8 19. f4 Bxf6 20. Bd5 Bg7
21. fxe5 Be6 22. Bxe6 fxe6 23. d4 dxe5 24. dxc5 Rc8 25. b4 a5 26. Rd6 axb4
27. Rxe6+ Kd7 28. Rb6 Rc7 29. c6+ bxc6 30. Rf7+ Kd6 31. c5+ Kxc5 32. Rxc7
Kxb6 33. Rxg7 Ra8 34. Bxe5 Rxa2 35. Rxh7 b3 36. Rh8 Kc5 37. Rb8 Kc4 38. Kh2
Re2 39. Bh8 c5 40. Kh3 Rc2 41. Rb6 Ra2 42. g4 Rc2 43. g5 Rc3+ 44. Bxc3 Kxc3
45. Rxg6 b2 46. Rb6 Kc2 47. g6 c4 48. g7 b1=Q 49. Rxb1 {Black resigns} 1-0

[Event "ICC 40 5"]
[Site "Internet Chess Club"]
[Date "2016.11.04"]
[Round "1"]
[White "*NestorovicL-13"]
[Black "*NakarUTD"]
[Result "0-1"]
[ICCResult "White resigns"]
[WhiteElo "1258"]
[BlackElo "1466"]
[Opening "French: advance variation"]
[ECO "C02"]
[NIC "FR.03"]
[Time "14:02:17"]
[TimeControl "2400+5"]

1. e4 e6 2. d4 d5 3. e5 c5 4. c3 Nc6 5. Be3 Bd7 6. Nf3 Rc8 7. Qd2 cxd4 8.
cxd4 Bb4 9. Nc3 Na5 10. h4 Ne7 11. Rh3 Nf5 12. Bf4 h5 13. Rc1 Nc4 14. Bxc4
Rxc4 15. a3 Be7 16. Bg5 f6 17. Be3 Qb6 18. Kf1 O-O 19. Kg1 Rfc8 20. exf6
gxf6 21. Qe2 Be8 22. Re1 Bg6 23. Nd2 R4c6 24. Na4 Qc7 25. b4 b6 26. Nb2 Rc3
27. Nd3 Bd6 28. Nb1 Rc2 29. Qd1 Kf7 30. Kh1 Ra2 31. Nc1 Rc2 32. Nd3 Ra2 33.
Nc1 Rb2 34. Nd3 Rc2 35. Kg1 Qc4 36. Bf4 Bxf4 37. Nxf4 Rc1 38. Qd2 Rxe1+ 39.
Qxe1 Qc1 40. Qxc1 Rxc1+ 41. Kh2 Rxb1 42. Rc3 Ne7 43. Rc7 Bf5 44. Rxa7 Rd1
45. Nxh5 Rxd4 46. g3 Rd2 47. Kg1 d4 48. Nf4 d3 49. Rd7 e5 50. Nd5 Bxd7
{White resigns}
0-1

[Event "ICC 40 5"]
[Site "Internet Chess Club"]
[Date "2016.11.04"]
[Round "1"]
[White "*DraskovicL-04"]
[Black "*RaznikovUTD"]
[Result "1/2-1/2"]
[ICCResult "White stalemated"]
[WhiteElo "1327"]
[BlackElo "1441"]
[Opening "English: symmetrical variation"]
[ECO "A30"]
[NIC "EO.64"]
[Time "14:01:20"]
[TimeControl "2400+5"]

1. c4 c5 2. Nf3 g6 3. e4 Bg7 4. d4 Qb6 5. dxc5 Qxc5 6. Nc3 Bxc3+ 7. bxc3 Nc6
8. Qd5 d6 9. Rb1 Nf6 10. Qxc5 dxc5 11. e5 Ne4 12. Rb3 Na5 13. Ra3 b6 14. Bd3
Bb7 15. O-O O-O-O 16. Bc2 Kb8 17. Re1 Nxc4 18. Ra4 b5 19. Rxc4 bxc4 20. Bxe4
Bxe4 21. Rxe4 Rd1+ 22. Re1 Rxe1+ 23. Nxe1 Kc7 24. Kf1 Kc6 25. Ke2 Rb8 26.
Nc2 Rb1 27. Kd2 Kd5 28. Ne3+ Kxe5 29. Nxc4+ Kd5 30. Ne3+ Ke4 31. f3+ Ke5 32.
Kc2 Rb7 33. Ba3 Kd6 34. Nc4+ Kd5 35. Ne3+ Kc6 36. Nc4 Kb5 37. Kb3 Rd7 38.
Bc1 Rd1 39. a4+ Kc6 40. Be3 Rb1+ 41. Kc2 Rh1 42. Na5+ Kb6 43. Nc4+ Kc6 44.
Na5+ Kd6 45. Kd3 e5 46. Nb3 Rxh2 47. Bxc5+ Kc6 48. Bxa7 Rxg2 49. Na5+ Kc7
50. Nc4 h5 51. a5 h4 52. Bb6+ Kb7 53. Nd6+ Ka8 54. a6 h3 55. Nb5 Ra2 56. Bg1
h2 57. Nc7+ Kb8 58. a7+ Kxc7 59. Bxh2 Rxa7 60. Bxe5+ Kc6 61. Ke4 Ra4+ 62.
Bd4 Kd6 63. Kf4 Ke6 64. Ke4 g5 65. Ke3 f5 66. Kd3 Kd5 67. Be3 g4 68. fxg4
fxg4 69. Bd4 g3 70. Ke3 g2 71. Kf2 Ra2+ 72. Kg3 Ke4 73. Bf2 Rc2 74. Kxg2
Rxc3 75. Bg3 Rc2+ 76. Bf2 Kf4 77. Kg1 Kf3 78. Bb6 Rg2+ 79. Kh1 Rg6 80. Bc7
Kf2 81. Bb8 Rh6+ 82. Bh2 Rc6 83. Bb8 Rc1+ 84. Kh2 Rc8 85. Ba7+ Kf3 86. Kh1
Rh8+ 87. Kg1 Ra8 88. Bb6 Ra1+ 89. Kh2 Ra2+ 90. Kh1 Ra6 91. Bd4 Rd6 92. Ba7
Rh6+ 93. Kg1 Rg6+ 94. Kh1 Rg8 95. Bb6 Rb8 96. Bc5 Rb1+ 97. Bg1 Ra1 98. Kh2
Ra2+ 99. Kh1 Kg3 100. Bb6 Rh2+ 101. Kg1 Rc2 102. Kh1 Rc6 103. Bd4 Rc1+ 104.
Bg1 Kh3 {White stalemated} 1/2-1/2

[Event "ICC 40 5"]
[Site "Internet Chess Club"]
[Date "2016.11.04"]
[Round "1"]
[White "*KaniyarUTD"]
[Black "*EricJ-16"]
[Result "1/2-1/2"]
[ICCResult "Game drawn by repetition"]
[WhiteElo "1394"]
[BlackElo "1394"]
[Opening "Sicilian: Labourdonnais-Löwenthal (Kalashnikov) variation"]
[ECO "B32"]
[NIC "SI.32"]
[Time "14:01:37"]
[TimeControl "2400+5"]

1. e4 c5 2. Nf3 Nc6 3. d4 cxd4 4. Nxd4 e5 5. Nb5 d6 6. N1c3 a6 7. Na3 Be7 8.
Be3 Be6 9. Nc4 Nf6 10. Nb6 Rb8 11. Be2 O-O 12. O-O Nd7 13. Nxd7 Qxd7 14. f4
exf4 15. Bxf4 Ne5 16. Bxe5 dxe5 17. Qxd7 Bxd7 18. Nd5 Bc5+ 19. Kh1 f5 20.
Nc3 Bd4 21. Rad1 fxe4 22. Nxe4 Bf5 23. Bd3 Bxb2 24. Nf6+ Rxf6 25. Rxf5 Bd4
26. Rdf1 b5 27. Be4 Rbf8 28. Rxf6 Rxf6 29. Rxf6 gxf6 30. g4 h6 31. Kg2 Kf7
32. Bd5+ Ke7 33. Kf3 Kd6 34. c4 Kc5 35. Bb7 bxc4 36. Bxa6 c3 37. Ke2 e4 38.
Bb7 e3 39. Be4 Kb4 40. Kd1 Ka3 41. Bd3 Kxa2 42. Kc2 Ka3 43. Be2 Kb4 44. h4
Kc5 45. Kd3 Kd5 46. Bd1 Ke5 47. Ke2 Kf4 48. Kf1 c2 49. Bxc2 Kxg4 50. Bd1+
Kxh4 51. Kg2 f5 52. Kf3 Kg5 53. Be2 h5 54. Kg3 f4+ 55. Kh3 h4 56. Bg4 Bf6
57. Bf3 Kf5 58. Kg2 Ke5 59. Kf1 Kd4 60. Ke2 h3 61. Bh1 h2 62. Bg2 Ke5 63.
Kf3 Kf5 64. Bh1 Kg5 65. Bg2 Kh4 66. Bh1 Bd4 67. Bg2 Bc3 68. Bh1 Kg5 69. Bg2
Kf5 70. Bh1 Ke5 71. Bg2 Be1 72. Bh1 Bf2 73. Bg2 Bg1 74. Bh1 Kf5 75. Bg2 Kg5
76. Bh1 Kh4 77. Bg2 h1=Q 78. Bxh1 Kh3 79. Ke2 Kg3 80. Bf3 Bf2 81. Be4 Bg1
82. Bd5 Bf2 83. Bc6 Bg1 84. Bd5 Bf2 85. Be4 Bg1 86. Bd5 Bf2 87. Be4
{Game drawn by repetition}
1/2-1/2

[Event "ICC 40 5"]
[Site "Internet Chess Club"]
[Date "2016.11.04"]
[Round "1"]
[White "*KiproskiB-A1"]
[Black "*HakimUTD"]
[Result "1/2-1/2"]
[ICCResult "Game drawn by repetition"]
[WhiteElo "1372"]
[BlackElo "1314"]
[Opening "QGD: Charousek (Petrosian) variation"]
[ECO "D31"]
[NIC "QP.08"]
[Time "14:01:08"]
[TimeControl "2400+5"]

1. d4 d5 2. c4 e6 3. Nc3 Be7 4. Nf3 Nf6 5. Bg5 Nbd7 6. e3 h6 7. Bh4 O-O 8.
cxd5 exd5 9. Bd3 c5 10. O-O b6 11. Ne5 Bb7 12. f4 a6 13. Qf3 b5 14. a4 b4
15. Ne2 Ne4 16. Be1 a5 17. Ng3 Nxg3 18. hxg3 Nxe5 19. fxe5 Ba6 20. Qe2 Bxd3
21. Qxd3 c4 22. Qf5 Ra6 23. e4 Bg5 24. Qf3 dxe4 25. Qxe4 Qc7 26. Bf2 Re8 27.
Rae1 Rae6 28. Be3 Bxe3+ 29. Rxe3 g6 30. Ref3 R8e7 31. Qa8+ Kg7 32. Rd1 c3
33. bxc3 bxc3 34. Rc1 Qc4 35. Qd8 Re8 36. Qd7 R8e7 37. Qd8 Re8 38. Qd7 R8e7
39. Qd8 Re8 40. Qd7 {Game drawn by repetition} 1/2-1/2

[Event "ICC 40 5"]
[Site "Internet Chess Club"]
[Date "2016.11.04"]
[Round "1"]
[White "*NenezicM-02"]
[Black "*KadricUTD"]
[Result "0-1"]
[ICCResult "White resigns"]
[WhiteElo "1237"]
[BlackElo "1365"]
[Opening "Réti opening"]
[ECO "A04"]
[NIC "KF.01"]
[Time "14:01:15"]
[TimeControl "2400+5"]

1. Nf3 d6 2. d4 g6 3. c4 Bg7 4. Nc3 Nd7 5. e4 e5 6. Be2 Nh6 7. O-O O-O 8. h3
c6 9. Re1 f5 10. d5 Nf7 11. Bd3 f4 12. Rb1 c5 13. b4 cxb4 14. Rxb4 Nc5 15.
Be2 h5 16. Na4 Na6 17. Rb1 Bd7 18. Nc3 Nc5 19. Ba3 b6 20. Bb4 Na6 21. Ba3
Nc5 22. Bb4 Na6 23. Ba3 Qe7 24. Nb5 Rfc8 25. Nd2 Nc5 26. Bxc5 Rxc5 27. a4
Rcc8 28. Qb3 a5 29. Qa3 Bf8 30. Rb2 Qf6 31. Reb1 Be7 32. Kh2 Qh4 33. Rf1
Rab8 34. Nf3 Qf6 35. Nd2 Rb7 36. Rfb1 Rf8 37. Qd3 Bd8 38. Kg1 Be8 39. Nc3
Ra7 40. c5 bxc5 41. Rb7 Rxb7 42. Rxb7 Ng5 43. Qa6 Rf7 44. Rb8 Bd7 45. Bb5 f3
46. Bxd7 fxg2 47. Rxd8+ Kg7 48. Bf5 Qxd8 49. Be6 Rf8 50. Qd3 Qf6 51. Qe3
Nxe6 52. dxe6 Qxe6 53. Kxg2 Rb8 54. Nd5 Rf8 55. Qg5 Rf7 56. Nc4 Qd7 57. Ncb6
Qe8 58. Qg3 Qf8 59. Qh4 Kh6 60. Nc4 Rf3 61. Nce3 g5 62. Nf5+ Rxf5 63. Qg3
Rf7 64. Qe3 Kg6 65. f3 Rb7 66. Qc3 Qb8 67. h4 Rb2+ 68. Kg3 gxh4+ 69. Kh3
Qc8+ 70. Kxh4 Rh2+ {White resigns} 0-1

[Event "ICC 40 5"]
[Site "Internet Chess Club"]
[Date "2016.11.04"]
[Round "1"]
[White "*RatkovicMv-10"]
[Black "*BerczesUTD"]
[Result "1/2-1/2"]
[ICCResult "Game drawn by repetition"]
[WhiteElo "1467"]
[BlackElo "1467"]
[Opening "Trompowsky attack (Ruth, Opocenský opening)"]
[ECO "A45"]
[NIC "QP.07"]
[Time "14:01:33"]
[TimeControl "2400+5"]

1. d4 Nf6 2. Bg5 d5 3. e3 c5 4. Nc3 e6 5. a3 Nc6 6. Nf3 Be7 7. dxc5 Bxc5 8.
Bd3 Be7 9. O-O O-O 10. Qe1 Nd7 11. Bxe7 Qxe7 12. e4 d4 13. Nb5 e5 14. Nc7
Rb8 15. Nd5 Qd6 16. Nd2 Nc5 17. Nc4 Qd8 18. Nb4 f6 19. Nxc6 bxc6 20. b4 Na4
21. f4 exf4 22. e5 fxe5 23. Nxe5 Qf6 24. Qe4 g6 25. Qxd4 Nb6 26. Qc5 Nd7 27.
Qc4+ Kg7 28. Ng4 Qg5 29. Qd4+ Nf6 30. Nxf6 Rxf6 31. Rae1 Bh3 32. Rf2 c5 33.
bxc5 f3 34. g3 Kh6 35. c6 Rc8 36. Qxa7 Bg2 37. Re7 Qc1+ 38. Bf1 Bxf1 39.
Rxh7+ Kg5 40. Rxf1 Qd2 41. Qc5+ Rf5 42. Qe7+ Rf6 43. Qe5+ Rf5 44. Qe7+ Rf6
45. h4+ Kg4 46. Qd7+ Qxd7 47. cxd7 Rd8 48. Kf2 Rd6 49. Re1 Rd2+ 50. Kf1 Kxg3
51. Rg7 Rf2+ 52. Kg1 Rg2+ 53. Kf1 Rf2+ 54. Kg1 Rg2+ 55. Kf1 Rf2+ 56. Kg1
Rg2+ 57. Kf1 Rf2+ 58. Kg1 {Game drawn by repetition} 1/2-1/2

[Event "ICC 40 5"]
[Site "Internet Chess Club"]
[Date "2016.11.04"]
[Round "1"]
[White "*PamatmatUTD"]
[Black "*BlagojevicT-14"]
[Result "0-1"]
[ICCResult "White resigns"]
[WhiteElo "1258"]
[BlackElo "1466"]
[Opening "QGD Slav: 4.e3"]
[ECO "D11"]
[NIC "SL.01"]
[Time "14:01:12"]
[TimeControl "2400+5"]

1. d4 d5 2. c4 c6 3. Nf3 Nf6 4. e3 Bg4 5. Qb3 Qb6 6. Nc3 e6 7. Nh4 Nbd7 8.
h3 Bh5 9. g4 Bg6 10. Nxg6 hxg6 11. Bg2 Be7 12. O-O g5 13. Rd1 Rd8 14. cxd5
exd5 15. Qc2 Nf8 16. f4 Ng6 17. Qf2 Qc7 18. Rf1 Bd6 19. Bd2 Nh4 20. e4 dxe4
21. Nxe4 Nxe4 22. Bxe4 Bxf4 23. Bxf4 gxf4 24. Qxf4 Qxf4 25. Rxf4 g5 26. Rf2
Rxd4 27. Bc2 O-O 28. Raf1 Kg7 29. Re1 Rd7 30. Kh2 Rfd8 31. Kg3 Rd3+ 32. Bxd3
Rxd3+ 33. Kh2 Nf3+ 34. Rxf3 Rxf3 35. Kg2 Rd3 36. Re2 Kf6 37. b3 b6 38. Kh2
c5 39. Kg2 Rd5 40. Kf3 Rd3+ 41. Kg2 b5 42. Rc2 Rd5 43. Kf3 Ke5 44. Rc3 Kd4
45. Rc1 c4 46. bxc4 bxc4 47. Rd1+ Kc5 48. Rc1 Rd3+ 49. Ke4 Rxh3 50. Kf5 c3
51. Kxg5 Kc4 52. Kf6 Rf3+ 53. Ke5 Kd3 {White resigns} 0-1

[Event "ICC 40 5"]
[Site "Internet Chess Club"]
[Date "2016.11.04"]
[Round "1"]
[White "*SarenacI-05"]
[Black "*StremaviciusUT"]
[Result "0-1"]
[ICCResult "White resigns"]
[WhiteElo "1258"]
[BlackElo "1466"]
[Opening "Sicilian"]
[ECO "B56"]
[NIC "SI.25"]
[Time "14:01:04"]
[TimeControl "2400+5"]

1. Nf3 d6 2. e4 c5 3. Nc3 Nc6 4. d4 cxd4 5. Nxd4 Nf6 6. Nd5 Nxd5 7. exd5
Qa5+ 8. Bd2 Qxd5 9. Nb5 Qe5+ 10. Be2 Rb8 11. O-O a6 12. Bc3 Qg5 13. Nc7+ Kd8
14. Nd5 e6 15. Nb6 Qc5 16. Nc4 b5 17. b4 Qd5 18. Nd2 Ne5 19. f4 Bb7 20. Rf2
Nc4 21. Bf3 Qf5 22. Nxc4 bxc4 23. Qd4 Bxf3 24. Rxf3 Qb5 25. Rd1 Qb6 26. f5
Qxd4+ 27. Rxd4 d5 28. fxe6 fxe6 29. a3 a5 30. Rg4 Rg8 31. Rf7 axb4 32. axb4
Bxb4 33. Bf6+ Ke8 34. Rfxg7 Rxg7 35. Rxg7 Bc5+ 36. Kf1 Rb1+ 37. Ke2 Rc1 38.
Kd2 Rf1 39. Bh4 Rf7 40. Rg8+ Bf8 41. Ke3 Kd7 42. Bg3 Bc5+ 43. Ke2 Bd6 44.
Bxd6 Kxd6 45. g4 Ke5 46. Ke3 d4+ 47. Ke2 Ke4 48. Rd8 e5 49. g5 Rf4 50. Rc8
d3+ 51. cxd3+ cxd3+ 52. Kd2 Rf2+ 53. Ke1 Rxh2 54. Re8 Kd4 55. Rh8 Ke3 56.
Kf1 d2 {White resigns} 0-1

[Event "ICC 40 5"]
[Site "Internet Chess Club"]
[Date "2016.11.04"]
[Round "1"]
[White "*JavakhadzeUTD"]
[Black "*LukovicV-06"]
[Result "1/2-1/2"]
[ICCResult "Game drawn by repetition"]
[WhiteElo "1454"]
[BlackElo "1397"]
[Opening "Réti: King's Indian attack (Barcza system)"]
[ECO "A07"]
[NIC "RE.03"]
[Time "14:01:23"]
[TimeControl "2400+5"]

1. Nf3 d5 2. g3 Nf6 3. Bg2 g6 4. c4 c6 5. b3 Bg7 6. Bb2 O-O 7. O-O Bf5 8. d3
a5 9. cxd5 cxd5 10. Nc3 Nc6 11. Nb5 Qb6 12. a4 Rfc8 13. Rc1 Bd7 14. Qd2 Nb4
15. Bd4 Qd8 16. Bc5 Na6 17. Ba3 Bxb5 18. axb5 Nc7 19. b6 Nb5 20. Bc5 Nd7 21.
d4 Nxb6 22. Ne5 e6 23. Qf4 Bxe5 24. dxe5 Nd7 25. Be3 Rxc1 26. Rxc1 Rc8 27.
Ra1 Qc7 28. Qa4 Nc3 29. Qxa5 Nxe2+ 30. Kf1 Qxa5 31. Rxa5 Nc3 32. f4 Kf8 33.
Ke1 Ke8 34. Bd4 Ne4 35. Bxe4 dxe4 36. Kd2 Kd8 37. h4 h5 38. Ke3 Rc1 39. Ra8+
Kc7 40. Kxe4 Rb1 41. Re8 Rxb3 42. Re7 Rxg3 43. Rxf7 Rg4 44. Bf2 Kd8 45. Rh7
b6 46. Rh8+ Ke7 47. Kf3 Nc5 48. Rb8 Nd3 49. Be3 Nb4 50. Rb7+ Ke8 51. Rxb6
Nd5 52. Rxe6+ Kf7 53. Ra6 Nxe3 54. Kxe3 Rxh4 55. Ra7+ Ke6 56. Ra6+ Kf7 57.
Ke4 g5 58. Kd5 Rxf4 59. Ra7+ Kf8 60. e6 h4 61. Ra8+ Ke7 62. Ra7+ Kf8 63.
Ra8+ Ke7 64. Ra7+ Kf8 {Game drawn by repetition} 1/2-1/2

[Event "ICC 40 5"]
[Site "Internet Chess Club"]
[Date "2016.11.04"]
[Round "1"]
[White "*PopilskiUTD"]
[Black "*StankovicM-03"]
[Result "1/2-1/2"]
[ICCResult "Game drawn by mutual agreement"]
[WhiteElo "1467"]
[BlackElo "1467"]
[Opening "Sicilian: Sozin, not Scheveningen"]
[ECO "B57"]
[NIC "SI.25"]
[Time "14:01:06"]
[TimeControl "2400+5"]

1. e4 c5 2. Nf3 d6 3. d4 cxd4 4. Nxd4 Nf6 5. Nc3 Nc6 6. Bc4 Bd7 7. O-O g6 8.
Nxc6 Bxc6 9. Re1 Bg7 10. Bg5 O-O 11. Bb3 Rc8 12. Nd5 Re8 13. Bxf6 exf6 14.
c3 Qa5 15. Qf3 Bxd5 16. Bxd5 Qb6 17. Bb3 Rc5 18. Re2 Rce5 19. Rae1 Qb5 20.
Re3 R8e7 21. Qd1 Qb6 22. Qd4 Bh6 23. Qxb6 axb6 24. R3e2 f5 25. Bd5 b5 26.
Kf1 fxe4 27. Bxe4 Kf8 28. a3 d5 29. Bd3 Rxe2 30. Bxe2 d4 31. cxd4 Bg7 32.
Rd1 Rd7 33. d5 Bxb2 34. Bxb5 Rd6 35. a4 f5 36. Rd3 Ke7 37. Bc4 b6 38. Rh3 h5
39. Ke2 Kf6 40. Rb3 Bd4 41. h4 Rd8 42. Kf3 Bc5 43. Rb5 Ra8 44. Bb3 Ra5 45.
Rxa5 bxa5 46. Bc4 Ke5 47. Bb5 Be7 48. Be8 Bxh4 49. Bxg6 Be7 50. Kg3 h4+ 51.
Kh3 Bc5 52. f4+ Kxd5 53. Bxf5 Bf2 54. Kg4 Kd6 55. Bc8 Ke7 56. Kg5 Kf8 57. f5
Bg3 58. f6 Be1 59. Bb7 Bg3 60. Bd5 Be1 61. Kg4 Bg3 62. Kf5 Be1 63. g4 hxg3
64. Ke6 {Game drawn by mutual agreement} 1/2-1/2

[Event "ICC 40 5"]
[Site "Internet Chess Club"]
[Date "2016.11.04"]
[Round "1"]
[White "*VelikicA-13"]
[Black "*DaneliaUTD"]
[Result "0-1"]
[ICCResult "White resigns"]
[WhiteElo "1279"]
[BlackElo "1369"]
[Opening "Sicilian: Najdorf, Byrne (English) attack"]
[ECO "B90"]
[NIC "SI.14"]
[Time "14:10:38"]
[TimeControl "2400+5"]

1. e4 c5 2. Nf3 d6 3. d4 cxd4 4. Nxd4 Nf6 5. Nc3 a6 6. Be3 e5 7. Nb3 Be7 8.
f3 Nbd7 9. Qd2 b5 10. g4 Bb7 11. O-O-O b4 12. Nb1 a5 13. g5 Nh5 14. Bb5 O-O
15. Bxd7 Qxd7 16. Nc5 Qc7 17. Nxb7 Qxb7 18. Qd5 Qc7 19. h4 Rfc8 20. Rh2 a4
21. a3 Rab8 22. axb4 Rxb4 23. Na3 Rcb8 24. Qa2 Rb3 25. Bg1 Nf4 26. Kb1 Rxf3
27. Nc4 a3 28. Rhd2 Rc3 29. Nxa3 d5 30. b3 d4 31. Bh2 Ra8 32. Nb5 Qb7 33.
Nxc3 Rxa2 34. Nxa2 Qxe4 35. Bxf4 Qxf4 36. Nc1 Qxh4 37. Rg1 Bxg5 38. Rdg2 Bf6
39. Nd3 h6 40. Rg4 Qh5 41. Nf2 g6 42. Ne4 Bg7 43. R4g2 Qf5 44. Nd6 Qe6 45.
Ne4 Qd5 46. Nd2 e4 47. Re2 e3 48. Nc4 f5 49. Reg2 g5 50. Re2 f4 51. Rd1 Qe4
52. Nd6 Qe5 53. Nc4 Qf6 54. c3 f3 55. Rh2 e2 56. Rd3 e1=Q+ {White resigns}
0-1

[Event "ICC 40 5"]
[Site "Internet Chess Club"]
[Date "2016.11.04"]
[Round "1"]
[White "*GuUTD"]
[Black "*RadusinovicL-1"]
[Result "1/2-1/2"]
[ICCResult "Game drawn by mutual agreement"]
[WhiteElo "1392"]
[BlackElo "1385"]
[Opening "QGD Slav"]
[ECO "D11"]
[NIC "QP.09"]
[Time "14:01:34"]
[TimeControl "2400+5"]

1. Nf3 d5 2. c4 c6 3. e3 Nf6 4. d4 e6 5. Nbd2 Nbd7 6. Bd3 Bd6 7. O-O O-O 8.
e4 dxe4 9. Nxe4 Nxe4 10. Bxe4 h6 11. Bc2 e5 12. Qd3 f5 13. c5 Bc7 14. Qc4+
Kh8 15. dxe5 Nxe5 16. Nxe5 Bxe5 17. Bf4 Qd4 18. Qxd4 Bxd4 19. Bd6 Re8 20.
Rfd1 Bxb2 21. Rab1 Bf6 22. a4 Re2 23. Bd3 Re8 24. Kf1 b6 25. cxb6 axb6 26.
Rxb6 Rxa4 27. Rxc6 Rd4 28. Be2 Rxd1+ 29. Bxd1 Bd7 30. Rb6 Bd4
{Game drawn by mutual agreement}
1/2-1/2

[Event "ICC 40 5"]
[Site "Internet Chess Club"]
[Date "2016.11.04"]
[Round "1"]
[White "*RaoUTD"]
[Black "*SarenacD-15"]
[Result "1-0"]
[ICCResult "Black resigns"]
[WhiteElo "1466"]
[BlackElo "1258"]
[Opening "Modern defense"]
[ECO "A40"]
[NIC "QO.17"]
[Time "14:01:42"]
[TimeControl "2400+5"]

1. d4 g6 2. Nf3 Bg7 3. g3 d6 4. Bg2 Nd7 5. O-O e6 6. b3 Ne7 7. Bb2 O-O 8. c4
b6 9. Qc2 Bb7 10. Nbd2 d5 11. Rfd1 Rc8 12. Ne5 Nxe5 13. dxe5 Qe8 14. e4 dxc4
15. Nxc4 Qc6 16. Ba3 Rfe8 17. Rac1 Ba6 18. Qd2 Qa8 19. f4 Bb7 20. Qe2 Nc6
21. Ne3 Red8 22. Bb2 Nb4 23. a3 Ba6 24. Nc4 Nc6 25. Qc2 Rxd1+ 26. Rxd1 Rd8
27. Bf1 Rxd1 28. Qxd1 Qd8 29. Qxd8+ Nxd8 30. Kf2 Nc6 31. Ne3 Bxf1 32. Kxf1
g5 33. Ke2 gxf4 34. gxf4 h5 35. Kf3 Kh7 36. Nf1 Na5 37. Nd2 Bf8 38. Ke3 Bc5+
39. Kd3 Bf8 40. Nf3 Nxb3 41. f5 Nc5+ 42. Kd4 Bh6 43. Bc3 a5 44. Bb2 Bf4 45.
h3 Kg7 46. Ne1 Kh6 47. Nf3 c6 48. Ne1 Kg7 49. Nf3 Kf8 50. Ne1 Ke7 51. Nf3
Nd7 52. Kd3 b5 53. Kd4 c5+ 54. Kd3 c4+ 55. Kd4 Kd8 56. Bc3 a4 57. Bb4 Kc7
58. Be7 Kb6 59. h4 Kc6 60. Bb4 Bg3 61. Be7 Bf2+ 62. Kc3 Bc5 63. Bxc5 Kxc5
64. fxe6 fxe6 65. Ng5 Nxe5 66. Nxe6+ Kb6 67. Nf4 Nf3 68. Nxh5 Nxh4 69. Nf4
Nf3 70. Kb4 Ne5 71. Nd5+ Kc6 72. Ne7+ Kd6 73. Nf5+ Kc6 74. Nd4+ Kb6 75. Nxb5
Kc6 76. Nc3 Kd6 77. Nxa4 Nc6+ 78. Kxc4 Ke5 79. Nc3 Na5+ 80. Kb5 Nb3 81. a4
Kd4 82. Kb4 Nc1 83. a5 Nd3+ 84. Kb5 Kxc3 85. a6 Nf4 86. a7 Ne6 87. Kc6 Nd4+
88. Kd7 {Black resigns} 1-0